AoeStats
← Hoya Lacunosa Amarillo

Arena

508282973Analyzed
4v4 RM · 9d ago on Sep 21, 2026· 20m 42s· 8 players
Game mode
Random Map
Map size
Large (8 player)
Population
200
Speed
Normal
Resources
Standard
Victory
Conquest
Starting age
Dark Age
Ending age
Imperial Age
RankedLock teamsTeams togetherTeam positionsShared explorationLock speedFull tech treeHidden civsTurbo modeCheats
Victory
Defeat
🇲🇽 Burgundians · Mexico
1504
+11
🇫🇷 Lithuanians · France
1443
+14
🇩🇪 Armenians · Germany
1383
+16
🇩🇪 Huns · Germany
1383
+16
🇨🇳 Mongols · China
1495
-18
🇷🇺 Japanese · Russia
1360
-13
🇩🇰 Dravidians · Denmark
1359
-13
🇹🇷 Ethiopians · Türkiye
1355
-13
CAXCAN
5:34 Double-Bit Axe
6:50 Horse Collar
9:35 Loom
11:21 Feudal Age
16:35 Castle Age
17:42 Scale Mail Armor
19:27 Squires
chinsa_yama
10:55 Feudal Age
14:32 Castle Age
12:39 Double-Bit Axe
12:37 Horse Collar
14:45 Gold Mining
17:54 Loom
Rusted From The Rain
11:00 Feudal Age
14:37 Castle Age
15:01 Loom
16:20 Horse Collar
16:26 Double-Bit Axe
16:32 Gold Mining
Hoya Lacunosa Amarillo
9:39 Feudal Age
14:30 Castle Age
12:32 Horse Collar
14:03 Scale Barding Armor
14:00 Loom
15:42 Bloodlines
18:15 Forging
19:38 Husbandry
21:19 Wheelbarrow
20:30 Double-Bit Axe
Faith
9:36 Feudal Age
Doctorbonus
6:41 Loom
8:59 Feudal Age
12:09 Fletching
12:48 Double-Bit Axe
13:27 Horse Collar
15:03 Town Watch
15:57 Wheelbarrow
15:41 Town Watch
22:23 Castle Age
TİNER
11:35 Feudal Age
15:24 Castle Age
13:37 Double-Bit Axe
15:33 Gold Mining
Martin Eden
2:26 Loom
Connection lost

Rejoining the realm…

Still unreachable

The connection could not be restored.

Session expired

The server has moved on; the page needs a fresh start.